 Dungeon Crawl Stone Soup version 0.30.1-4-g462c640d31 (webtiles) character file.

Game seed: 4508071846470751753

13958 Wiggles the Severer (level 11, -5/101 HPs)
             Began as a Minotaur Berserker on Aug 14, 2023.
             Was a High Priest of Trog.
             Slain by a death yak (10 damage)
             ... on level 10 of the Dungeon.
             The game lasted 00:14:37 (7956 turns).

Wiggles the Severer (Minotaur Berserker)            Turns: 7956, Time: 00:14:37

Health: -5/101     AC: 20    Str: 25    XL:     11   Next: 82%
Magic:  10/10      EV:  9    Int:  4    God:    Trog [*****.]
Gold:   557        SH:  0    Dex: 11    Spells: 10/10 levels left

rFire   . . .        w - +1 battleaxe (flame)
rCold   . . .        (shield currently unavailable)
rNeg    . . .        F - +3 plate armour
rPois   .            (helmet restricted)
rElec   .            (no cloak)
rCorr   .            (no gloves)
SInv    .            h - +0 pair of boots
Will    .....        v - amulet of regeneration Stlth
                     b - ring of flight
HPRegen 1.16/turn    A - +4 ring of slaying
MPRegen 0.12/turn

%: no passive effects
@: on berserk cooldown, flying, slowed, very slow
A: horns 2, retaliatory headbutt
a: Renounce Religion, Berserk, Trog's Hand, Brothers in Arms


You were on level 10 of the Dungeon.
You worshipped Trog.
Trog was extremely pleased with you.
You visited 1 branch of the dungeon, and saw 12 of its levels.
You also visited: Ossuary.

You collected 647 gold pieces.
You spent 90 gold pieces at shops.

Inventory:

Hand Weapons
 s - a +0 heavy hand axe
 w - a +1 battleaxe of flaming (weapon)
 C - a +0 war axe
Armour
 h - a +0 pair of boots (worn)
 F - a +3 plate armour (worn)
Jewellery
 a - a ring of protection from cold
 b - a ring of flight (left hand)
 c - an amulet of the acrobat
 t - a ring of magical power
 v - an amulet of regeneration (around neck)
 A - a +4 ring of slaying (right hand)
 G - a ring of fire
 H - an amulet of reflection
 I - a ring of resist corrosion
Wands
 p - a wand of charming (10)
Scrolls
 d - 3 scrolls of magic mapping
 e - 2 scrolls of amnesia
 f - 3 scrolls of identify
 l - 3 scrolls of teleportation
 m - a scroll of vulnerability
 y - a scroll of immolation
 z - a scroll of brand weapon {unknown}
 E - 3 scrolls of butterflies
Potions
 g - 2 potions of haste
 i - 8 potions of curing
 j - 2 potions of magic
 k - 2 potions of invisibility
 n - 3 potions of might
 o - 2 potions of degeneration
 q - a potion of cancellation {unknown}
 r - 3 potions of ambrosia
 u - 2 potions of heal wounds
 x - 2 potions of mutation
 B - 2 potions of berserk rage {unknown}
 D - 2 potions of attraction


   Skills:
 + Level 10.3 Fighting
 + Level 15.4 Axes
 + Level 12.8 Armour
 + Level 6.1 Dodging
 + Level 1.6 Stealth


You had 10 spell levels left.
You didn't know any spells.
Your spell library was empty.

Dungeon Overview and Level Annotations

Branches:
Dungeon (12/15)            Temple (0/1) D:6             Orc (0/2) D:12
Ossuary (visited)
   Lair: D:8-11

Altars:
Gozag
Kikubaaqudgha
Makhleb
Okawaru
Ru
Wu Jian

Shops:
D:6 :*[[


Innate Abilities, Weirdness & Mutations

You have a pair of horns on your head.
You reflexively headbutt those who attack you in melee.


Message History

The death yak is almost dead.
The death yak gores you!
You slice the death yak!! You burn the death yak.
You kill the death yak!
Trog accepts your kill.
You are no longer berserk.
You are exhausted.
You feel yourself slow down.
The death yak gores you but does no damage.
The death yak barely misses you. You furiously retaliate!
You headbutt the death yak. You slash the death yak! You burn the death yak.
The death yak is moderately wounded.
You hit the death yak but do no damage. The death yak completely misses you.
The death yak gores you!
The death yak gores you but does no damage. x2
You slice the death yak!! You burn the death yak.
The death yak is severely wounded.
You slash the death yak! You burn the death yak.
The death yak barely misses you. The death yak gores you!
You barely miss the death yak. You headbutt the death yak.
The death yak is severely wounded.
You barely miss the death yak. The death yak completely misses you.
The death yak gores you.
* * * LOW HITPOINT WARNING * * *
You hit the death yak. You burn the death yak.
Your headbutt misses the death yak.
The death yak is severely wounded.
You slash the death yak! You burn the death yak.
The death yak gores you but does no damage. x2
The death yak gores you!
* * * LOW HITPOINT WARNING * * *
The death yak gores you but does no damage.
You hit the death yak but do no damage. You headbutt the death yak.
The death yak is almost dead.
You slash the death yak! You burn the death yak.
The death yak barely misses you. The death yak gores you!!
* * * LOW HITPOINT WARNING * * *
The death yak attacks as you move away! The death yak gores you!
You die...

#)...# #....# #....#
.... #....####### ....
#...)##....## ....#
####.)))....#
#########...##
####)....#
#............?
#.....#####Y............
#.......†.@Y............
#....######........#
#....# #........###
#....# #.......[....
###### #.........###
#........)# ####.####.#
#.# .# #.# .#


You could see 2 death yaks.

Vanquished Creatures
  Erolcha (D:11)
  2 two-headed ogres
  4 death yaks (D:10)
  A cyclops (D:12)
  An ugly thing (D:12)
  A gargoyle (D:12)
  An unseen horror (D:10)
  4 trolls
  A hornet (D:8)
  2 wraiths (D:10)
  Sigmund (D:3)
  3 wyverns
  10 yaks
  2 steam dragons
  3 water moccasins
  4 orc warriors
  Pargi (D:4)
  2 black bears
  An ice beast (D:6)
  3 sky beasts
  A hornet zombie (Ossuary)
  3 centaurs
  An ogre (D:6)
  A phantom (D:6)
  3 kobold brigands
  2 bullfrogs
  2 wyvern zombies (Ossuary)
  5 scorpions
  13 wights
  4 killer bees (D:10)
  3 howler monkeys (D:8)
  2 bullfrog zombies (Ossuary)
  5 centaur zombies (Ossuary)
  2 jellies (D:6)
  A gnoll bouda (D:7)
  5 hounds
  An orc priest (D:8)
  2 sleepcaps
  6 iguanas
  6 orc wizards
  2 killer bee zombies (Ossuary)
  2 howler monkey zombies (Ossuary)
  17 mummies (Ossuary)
  8 gnolls
  7 adders
  A white imp (D:4)
  An ufetubus (D:5)
  A worm (D:5)
  41 orcs
  5 endoplasms
  7 giant cockroaches
  3 goblins
  8 hobgoblins
  4 jackals
  3 quokkas
  4 ball pythons
  6 bats
  3 frilled lizards
  21 kobolds
  3 rats
263 creatures vanquished.

Notes
Turn   | Place    | Note
-------+----------+-------------------------------------------
     0 | D:1      | Wiggles the Minotaur Berserker began the quest for the Orb.
     0 | D:1      | Reached XP level 1. HP: 19/19 MP: 0/0
   263 | D:1      | Reached XP level 2. HP: 25/27 MP: 1/1
   318 | D:1      | Reached skill level 4 in Axes
   738 | D:2      | Reached XP level 3. HP: 18/33 MP: 2/2
   958 | D:2      | Found a faded altar of an unknown god.
  1280 | D:3      | Reached ** piety under Trog
  1321 | D:3      | Reached XP level 4. HP: 41/41 MP: 3/3
  1368 | D:3      | Reached skill level 5 in Axes
  1489 | D:3      | Noticed Sigmund
  1500 | D:3      | Killed Sigmund
  1501 | D:3      | Reached skill level 5 in Fighting
  1501 | D:3      | Reached XP level 5. HP: 48/48 MP: 4/4
  1819 | D:3      | Found a burning altar of Makhleb.
  1952 | D:3      | Found an opulent altar of Gozag.
  2035 | D:4      | Reached skill level 6 in Axes
  2039 | D:4      | Reached XP level 6. HP: 48/56 MP: 5/5
  2325 | D:4      | Found a sand-covered staircase.
  2330 | Ossuary  | Entered an ossuary
  2337 | Ossuary  | Reached *** piety under Trog
  2420 | Ossuary  | Reached XP level 7. HP: 30/61 MP: 6/6
  2425 | Ossuary  | Reached skill level 7 in Axes
  2611 | Ossuary  | Reached skill level 5 in Armour
  2769 | Ossuary  | Reached skill level 8 in Axes
  2863 | Ossuary  | Reached skill level 1 in Stealth
  2887 | Ossuary  | Reached XP level 8. HP: 70/70 MP: 7/7
  3110 | D:4      | Noticed Pargi
  3121 | D:4      | Killed Pargi
  3187 | D:5      | Entered Level 5 of the Dungeon
  3284 | D:5      | Reached **** piety under Trog
  3590 | D:5      | Found an ancient bone altar of Kikubaaqudgha.
  3599 | D:5      | Reached skill level 9 in Axes
  3599 | D:5      | Reached skill level 5 in Dodging
  3814 | D:5      | Found a large runed translucent door.
  3814 | D:5      | Found a large runed translucent door.
  3970 | D:5      | Reached XP level 9. HP: 59/78 MP: 8/8
  4162 | D:5      | Found an ancient bone altar of Kikubaaqudgha.
  4175 | D:5      | Found a sacrificial altar of Ru.
  4348 | D:6      | Found a staircase to the Ecumenical Temple.
  4374 | D:6      | Found Riginoax's Antique Armour Shop.
  4384 | D:6      | Found Qovih's General Store.
  4424 | D:6      | Bought a scroll of enchant armour for 90 gold pieces
  4477 | D:6      | Reached skill level 10 in Axes
  4487 | D:6      | Identified the +2 scale mail of Tysehipi {rElec rF+ rC+
                  | Stlth+}
  4500 | D:6      | Found Fik Avoneof's Book Boutique.
  4534 | D:6      | Found Huvasm's Antique Armour Boutique.
  4968 | D:6      | Noticed a two-headed ogre
  5004 | D:6      | Killed a two-headed ogre
  5005 | D:6      | Reached skill level 11 in Axes
  5150 | D:7      | Identified the +1 scale mail of the Orcish Mines {Will++
                  | Str+2}
  5481 | D:7      | Reached XP level 10. HP: 84/86 MP: 9/9
  5860 | D:8      | Reached skill level 10 in Armour
  5867 | D:8      | Reached ***** piety under Trog
  5868 | D:8      | Reached skill level 12 in Axes
  6406 | D:9      | Received a gift from Trog
  6437 | D:9      | Reached skill level 13 in Axes
  6770 | D:9      | Found an iron altar of Okawaru.
  7173 | D:10     | Entered Level 10 of the Dungeon
  7260 | D:10     | You are sucked into a shaft and drop 2 floors!
  7282 | D:12     | Noticed a purple ugly thing
  7282 | D:12     | Noticed a cyclops
  7296 | D:12     | Killed a purple ugly thing
  7301 | D:12     | Killed a cyclops
  7302 | D:12     | Reached XP level 11. HP: 75/97 MP: 10/10
  7317 | D:12     | Noticed a two-headed ogre
  7326 | D:12     | Killed a two-headed ogre
  7391 | D:12     | Reached skill level 14 in Axes
  7412 | D:12     | Found a staircase to the Orcish Mines.
  7575 | D:11     | Noticed Erolcha
  7582 | D:11     | Killed Erolcha
  7593 | D:11     | Identified the +0 chain mail of Lies {Rampage +Blink Int+2}
  7646 | D:10     | Found an ornate altar of the Wu Jian Council.
  7917 | D:10     | Noticed a death yak
  7918 | D:10     | Noticed a death yak
  7918 | D:10     | Noticed a death yak
  7918 | D:10     | Noticed a death yak
  7932 | D:10     | Noticed a death yak
  7932 | D:10     | Noticed a death yak
  7935 | D:10     | Killed a death yak
  7936 | D:10     | Reached skill level 10 in Fighting
  7936 | D:10     | Reached skill level 15 in Axes
  7940 | D:10     | Killed a death yak
  7944 | D:10     | Killed a death yak
  7949 | D:10     | Killed a death yak
  7955 | D:10     | HP: 5/101 [death yak (18)]
  7956 | D:10     | Slain by a death yak

Illustrated notes

Levels and vault maps discovered:
D:1:      zelgadis_glass_arrival_small, layout_loops_ring
D:2:      layout_rooms, hellmonk_ecumenical_altar_heavens_door
D:3:      layout_loops_ring, nicolae_gozag_cash_rules_everything_around_me,
          mainiacjoe_overflow_24_doors, uniq_sigmund
D:4:      layout_cave_pools, nicolae_ossuary_entry_false_entrances,
          minivault_19, uniq_pargi
D:5:      layout_loops_corners, jmf_multi_god_temple2, minmay_ruined_shrine
D:6:      minmay_chambers_of_fours, layout_loops_ring, minmay_temple_entry_tees,
          serial_shops, shop, nicolae_shop_dealshenge, shop_coins,
          nicolae_shop_waterfront
D:7:      layout_cave_pods
D:8:      layout_gridville, kennysheep_decorative_pillar
D:9:      layout_long_grid, kennysheep_mini
D:10:     layout_basic, lemuel_tele_altar, dpeg_lair_monsters
D:11:     layout_irregular_city, uniq_erolcha
D:12:     layout_cave_pools, orc_0_dummy, hellmonk_ghost_happy_afterlife,
          serial_park, serial_park_square3 [serial_park_minivault_5x5_5],
          serial_park_gazebo [serial_park_minivault_5x5_3], serial_park_tiny_2,
          serial_park_avenue1

Skill      XL: |  1  2  3  4  5  6  7  8  9 10 11 |
---------------+----------------------------------+-----
Fighting       | 4 5 6 7 9 10 | 10.3
Axes           | 4 5 6 8 9 11 13 15 | 15.4
Armour         | 3 4 5 7 9 11 12 | 12.8
Dodging        | 3 4 5 6 |  6.1
Stealth        | 1 |  1.6

Action                     |  1- 3 |  4- 6 |  7- 9 | 10-12 || total
---------------------------+-------+-------+-------+-------++-------
  Melee: Hand axe          |    65 |    75 |   265 |    68 ||   473
         Headbutt          |     8 |     7 |    50 |    38 ||   103
         Punch             |       |       |     5 |       ||     5
         Battleaxe         |       |       |       |   135 ||   135
 Invoke: Berserk           |       |     2 |     2 |     4 ||     8
    Use: Scroll            |       |       |     3 |    20 ||    23
 Armour: Animal skin       |     7 |       |       |       ||     7
         Scale mail        |    20 |    26 |    83 |       ||   129
         Plate armour      |       |       |   120 |   152 ||   272
  Dodge: Dodged            |    52 |    53 |   185 |   115 ||   405
